Nordiques vs Capitals
(R2)
Created - May 18, 2020 at 19:11
Goals
|
| Nordiques |
0 |
1 |
3 |
4 |
| Capitals |
0 |
2 |
1 |
3 |
|
Shots
|
| Nordiques |
10 |
7 |
18 |
35 |
| Capitals |
6 |
18 |
6 |
30 |
|
1st period
No Goal
Penalties :
Fedor Tyutin (Que) for Tripping (Minor) at 6:44, Joe Thornton (Was) for Hooking (Minor) at 7:11, Brian McGrattan (Was) for Hooking (Minor) at 11:27
2nd period
1. Capitals , Brian McGrattan 1 (Ryan Getzlaf 1, Tuukka Rask) at 1:34 (PP)
2. Nordiques , Mike Brown 1 (Jay Bouwmeester 2, Maxim Talbot 2) at 3:12
3. Capitals , Brian McGrattan 2 (Patrick Sharp 2) at 14:25 (PP)
Penalties :
R.J. Umberger (Que) for Goalie Interference (Minor) at 0:22, Patrick Sharp (Was) for Delaying the game (Minor) at 5:16, Brian McGrattan (Was) for Holding (Minor) at 12:15, Mike Brown (Que) for Interference (Minor) at 14:19, Adam Pineault (Que) for Roughing (Minor) at 15:33
3rd period
4. Nordiques , Ryan Ellis 3 (Vladimir Tarasenko 3, Evander Kane 1) at 6:52 (PP)
5. Capitals , Dan Hamhuis 1 (Brian McGrattan 2, Ryan Getzlaf 2) at 8:45 (PP)
6. Nordiques , Tim Connolly 2 (Ryan Ellis 2, Jay Bouwmeester 3) at 13:22
7. Nordiques , Cody McLeod 1 (Mike Brown 1) at 15:48
Penalties :
Brian McGrattan (Was) for Slashing (Minor) at 6:26, R.J. Umberger (Que) for Holding (Minor) at 7:32, Dan Hamhuis (Was) for Holding (Minor) at 13:29, Joe Thornton (Was) for Hooking (Minor) at 13:32, Brian McGrattan (Was) for Slashing (Double Minor) at 18:39
Goalie Stats
Jonathan Quick (Que), 27 saves from 30 shots - (0.900), W, 2-1-0, 60:00 minutes
Tuukka Rask (Was), 31 saves from 35 shots - (0.886), L, 1-2-0, 60:00 minutes
Players Stats for Nordiques
Player Name G A P +/- PIM S H SB GA TA FO MP PP MP PK MP
------------------------------------------------------------------------------------
Adam Pineault 0 0 0 1 2 4 1 0 0 0 0/0 8:24 0:07 0:00
Cody McLeod 1 0 1 1 0 2 0 0 0 0 0/0 8:19 0:10 0:00
David Legwand 0 0 0 0 0 4 1 0 0 1 18/33 25:36 6:26 3:24
Dustin Byfuglien 0 0 0 1 0 0 1 0 0 0 0/0 11:47 0:38 0:00
Evander Kane 0 1 1 0 0 8 4 1 2 0 0/1 26:06 6:24 3:24
Fedor Tyutin 0 0 0 0 2 0 0 0 0 0 0/0 18:53 3:56 1:20
Jay Bouwmeester 0 2 2 2 0 0 2 0 0 1 0/0 24:53 5:45 0:00
Jiri Hudler 0 0 0 1 0 0 1 0 0 0 0/1 15:08 3:34 0:00
Maxim Talbot 0 1 1 1 0 2 0 0 0 0 6/9 10:30 0:37 1:33
Mike Brown 1 1 2 1 2 3 0 0 0 0 0/0 9:02 0:00 0:43
Mike Fisher 0 0 0 1 0 2 0 0 0 0 4/6 8:09 0:00 0:00
R.J. Umberger 0 0 0 1 4 0 1 1 0 0 0/0 15:53 3:31 0:50
Ryan Ellis 1 1 2 2 0 2 1 2 1 1 0/0 28:56 5:45 3:37
T.J. Fast 0 0 0 1 0 0 0 1 0 0 0/0 13:37 0:38 1:20
Tim Connolly 1 0 1 1 0 2 1 1 0 0 7/12 15:20 3:16 0:00
Trevor Daley 0 0 0 0 0 1 1 1 0 1 0/0 22:00 3:49 3:37
Vladimir Tarasenko 0 1 1 0 0 5 0 0 2 0 2/4 22:33 6:24 0:00
Zac Rinaldo 0 0 0 1 0 0 1 0 0 0 0/0 8:20 0:00 0:00
Players Stats for Capitals
Player Name G A P +/- PIM S H SB GA TA FO MP PP MP PK MP
------------------------------------------------------------------------------------
Brent Burns 0 0 0 -1 0 4 1 4 0 0 0/0 30:06 2:53 6:31
Brian McGrattan 2 1 3 0 10 2 0 1 0 0 1/1 15:26 2:20 0:00
Dan Hamhuis 1 0 1 -1 2 1 4 1 0 1 0/0 19:57 2:04 2:57
Jeff Skinner 0 0 0 -2 0 0 0 1 0 0 2/5 13:26 0:00 0:00
Joe Pavelski 0 0 0 0 0 3 1 1 2 0 0/2 24:49 2:37 4:54
Joe Thornton 0 0 0 0 4 3 0 0 0 0 6/16 7:45 2:36 4:46
Josh Manson 0 0 0 0 0 0 0 0 0 0 0/0 2:10 0:00 0:00
Mikko Koivu 0 0 0 -1 0 3 2 1 0 0 1/2 16:47 0:00 1:19
Ondrej Palat 0 0 0 -2 0 2 0 0 0 0 1/1 5:02 0:00 1:05
Patrick Sharp 0 1 1 0 2 4 2 1 0 0 9/14 21:12 2:20 1:36
Peter Worrell 0 0 0 -1 0 0 1 0 0 0 0/0 9:57 0:00 0:00
PK Subban 0 0 0 -2 0 4 0 2 0 2 0/0 29:18 2:53 6:31
Roman Josi 0 0 0 -2 0 0 1 0 0 0 2/8 11:01 0:00 0:47
Ryan Getzlaf 0 2 2 0 0 2 1 0 0 0 7/13 14:41 2:20 0:00
Ryan Suter 0 0 0 0 0 0 0 2 0 1 0/0 8:57 0:00 0:00
T.J. Oshie 0 0 0 -1 0 0 0 0 0 1 0/2 12:42 0:00 2:27
Thomas Vanek 0 0 0 0 0 1 1 0 2 0 0/2 21:59 2:37 2:17
Torey Krug 0 0 0 -2 0 1 1 1 0 0 0/0 20:57 2:04 3:41
3 Stars
1 - Ryan Ellis (Que)
2 - Jay Bouwmeester (Que)
3 - Tim Connolly (Que)
Power Play
Nordiques - 1 on 9 Attempt(s) - 11.11%
Capitals - 3 on 5 Attempt(s) - 60.00%
Penalty Kill
Nordiques - 2 on 5 Attempt(s) - 40.00%
- Score 0 goal in Penalty Kill
Capitals - 8 on 9 Attempt(s) - 88.89%
- Score 0 goal in Penalty Kill
Team Stat
Nordiques - Hits : 15 - Faceoff Wins : 37 - Blocked Shots : 7 - Penalty Minutes : 10
Capitals - Hits : 15 - Faceoff Wins : 29 - Blocked Shots : 15 - Penalty Minutes : 18
Official
Referees : Unknown
Linesman : Unknown
Game Notes
No Game Note
Finance
Level 1 -- Attendance: 6000 (100.00%) -- Ticket Income $612,000
Level 2 -- Attendance: 5000 (100.00%) -- Ticket Income $260,000
Level 3 -- Attendance: 2000 (100.00%) -- Ticket Income $84,000
Level 4 -- Attendance: 4000 (100.00%) -- Ticket Income $104,000
Luxury Box -- Attendance: 940 (94.00%) -- Ticket Income $181,420
Game was played at the Verizon Center.
Total Attendance: 17940 (99.67%)
Total Ticket Income: $1,241,420
Other Income: $186,213
Total Income: $1,427,633
Nordiques
5 vs 5 Forward
Center Left Wing Right Wing Time % Phy DF OF
1 David Legwand Evander Kane Vladimir Tarasenko 40 1 2 2
2 Tim Connolly R.J. Umberger Jiri Hudler 30 1 2 2
3 Maxim Talbot Zac Rinaldo Mike Brown 20 1 2 2
4 Mike Fisher Cody McLeod Adam Pineault 10 1 2 2
5 vs 5 Defense
Defense Defense Time % Phy DF OF
1 Ryan Ellis Jay Bouwmeester 40 1 2 2
2 Fedor Tyutin Trevor Daley 30 1 2 2
3 T.J. Fast Dustin Byfuglien 20 1 2 2
4 Ryan Ellis Jay Bouwmeester 10 1 2 2
PowerPlay Forward
Center Left Wing Right Wing Time % Phy DF OF
1 David Legwand Evander Kane Vladimir Tarasenko 60 1 2 2
2 Tim Connolly R.J. Umberger Jiri Hudler 40 1 2 2
PowerPlay Defense
Defense Defense Time % Phy DF OF
1 Ryan Ellis Jay Bouwmeester 60 1 2 2
2 Fedor Tyutin Trevor Daley 40 1 2 2
Penalty Kill 4 Players Forward
Center Wing Time % Phy DF OF
1 David Legwand Evander Kane 60 1 2 2
2 Maxim Talbot R.J. Umberger 40 1 2 2
Penalty Kill 4 Players Defense
Defense Defense Time % Phy DF OF
1 Ryan Ellis Trevor Daley 60 1 2 2
2 Fedor Tyutin T.J. Fast 40 1 2 2
Penalty Kill - 3 Players Forward
Forward Time % Phy DF OF
1 Vladimir Tarasenko 60 1 2 2
2 Evander Kane 40 1 2 2
Penalty Kill - 3 Players Defense
Defense Defense Time % Phy DF OF
1 Ryan Ellis Jay Bouwmeester 60 1 2 2
2 Fedor Tyutin Trevor Daley 40 1 2 2
4 vs 4 Forward
Center Wing Time % Phy DF OF
1 Vladimir Tarasenko Evander Kane 60 1 2 2
2 David Legwand Tim Connolly 40 1 2 2
4 vs 4 Defense
Defense Defense Time % Phy DF OF
1 Ryan Ellis Jay Bouwmeester 60 1 2 2
2 Fedor Tyutin Trevor Daley 40 1 2 2
Last Minutes Offensive
Center Left Wing Right Wing Defense Defense
David Legwand Evander Kane Vladimir Tarasenko Ryan Ellis Jay Bouwmeester
Last Minutes Defensive
Center Left Wing Right Wing Defense Defense
David Legwand Evander Kane Vladimir Tarasenko Ryan Ellis Jay Bouwmeester
Goaltenders
Starting : Jonathan Quick
Backup : Julien Ellis
Extra Forwards
Normal : Vladimir Tarasenko, Maxim Talbot, Mike Brown - PP : Vladimir Tarasenko, Maxim Talbot - PK : Mike Brown
Extra Defensemen
Normal : T.J. Fast, Dustin Byfuglien, Fedor Tyutin - PP : T.J. Fast - PK : Dustin Byfuglien, Fedor Tyutin
Penalty Shots
Vladimir Tarasenko, Evander Kane, David Legwand, Tim Connolly, R.J. Umberger
Scratches
Matt Gilroy (Healthy), Paul Gaustad (Healthy), James Sheppard (Healthy)
Capitals
5 vs 5 Forward
Center Left Wing Right Wing Time % Phy DF OF
1 Patrick Sharp Thomas Vanek Joe Pavelski 40 1 2 2
2 Ryan Getzlaf Mikko Koivu Brian McGrattan 30 1 2 2
3 Roman Josi Peter Worrell T.J. Oshie 20 1 2 2
4 Jeff Skinner Ondrej Palat PK Subban 10 1 2 2
5 vs 5 Defense
Defense Defense Time % Phy DF OF
1 Brent Burns PK Subban 40 1 2 2
2 Torey Krug Dan Hamhuis 30 1 2 2
3 Ryan Suter Jeff Skinner 20 1 2 2
4 Josh Manson Brent Burns 10 1 2 2
PowerPlay Forward
Center Left Wing Right Wing Time % Phy DF OF
1 Joe Thornton Thomas Vanek Joe Pavelski 60 1 2 2
2 Ryan Getzlaf Patrick Sharp Brian McGrattan 40 1 2 2
PowerPlay Defense
Defense Defense Time % Phy DF OF
1 Brent Burns PK Subban 60 1 2 2
2 Torey Krug Dan Hamhuis 40 1 2 2
Penalty Kill 4 Players Forward
Center Wing Time % Phy DF OF
1 Joe Thornton Joe Pavelski 60 1 2 2
2 Thomas Vanek Patrick Sharp 40 1 2 2
Penalty Kill 4 Players Defense
Defense Defense Time % Phy DF OF
1 Brent Burns PK Subban 60 1 2 2
2 Torey Krug Dan Hamhuis 40 1 2 2
Penalty Kill - 3 Players Forward
Forward Time % Phy DF OF
1 Joe Thornton 60 1 2 2
2 Joe Pavelski 40 1 2 2
Penalty Kill - 3 Players Defense
Defense Defense Time % Phy DF OF
1 Brent Burns PK Subban 60 1 2 2
2 Torey Krug Dan Hamhuis 40 1 2 2
4 vs 4 Forward
Center Wing Time % Phy DF OF
1 Joe Thornton Joe Pavelski 60 1 2 2
2 Thomas Vanek Patrick Sharp 40 1 2 2
4 vs 4 Defense
Defense Defense Time % Phy DF OF
1 Brent Burns PK Subban 60 1 2 2
2 Torey Krug Dan Hamhuis 40 1 2 2
Last Minutes Offensive
Center Left Wing Right Wing Defense Defense
Joe Thornton Thomas Vanek Joe Pavelski Brent Burns PK Subban
Last Minutes Defensive
Center Left Wing Right Wing Defense Defense
Joe Thornton Thomas Vanek Joe Pavelski Brent Burns PK Subban
Goaltenders
Starting : Tuukka Rask
Backup : Mike Smith
Extra Forwards
Normal : Jeff Skinner, Mikko Koivu, T.J. Oshie - PP : Jeff Skinner, Mikko Koivu - PK : T.J. Oshie
Extra Defensemen
Normal : Ryan Suter, Roman Josi, Josh Manson - PP : Ryan Suter - PK : Roman Josi, Josh Manson
Penalty Shots
Joe Thornton, Joe Pavelski, Thomas Vanek, Patrick Sharp, Ryan Getzlaf
Scratches
Ryan Nugent-Hopkins (Healthy), Jason Pominville (Healthy)
% Time on Ice - Nordiques
Lines # - Real PCT - Wanted PCT - Time Play
Normal Forward
1 - 35% - 40% - 15:16
2 - 27% - 30% - 11:34
3 - 19% - 20% - 8:20
4 - 19% - 10% - 8:09
Normal Defense
1 - 41% - 40% - 17:35
2 - 31% - 30% - 13:38
3 - 26% - 20% - 11:09
4 - 2% - 10% - 0:57
PP Forward
1 - 64% - 60% - 6:31
2 - 36% - 40% - 3:41
PP Defense
1 - 56% - 60% - 5:45
2 - 44% - 40% - 4:27
PK Forward
1 - 69% - 60% - 3:24
2 - 31% - 40% - 1:33
PK Defense
1 - 73% - 60% - 3:37
2 - 27% - 40% - 1:20
PK3 Forward
1 - 0% - 60%
2 - 0% - 40%
PK3 Defense
1 - 0% - 60%
2 - 0% - 40%
44 Forward
1 - 67% - 60% - 1:02
2 - 33% - 40% - 0:30
44 Defense
1 - 67% - 60% - 1:02
2 - 33% - 40% - 0:30
Last Minute Offensive - 0:00
Last Minute Defensive - 0:00
Total
Forward - 60:00
Defense - 60:00
|
% Time on Ice - Capitals
Lines # - Real PCT - Wanted PCT - Time Play
Normal Forward
1 - 38% - 40% - 16:23
2 - 30% - 30% - 13:03
3 - 23% - 20% - 9:57
4 - 9% - 10% - 3:56
Normal Defense
1 - 41% - 40% - 17:49
2 - 33% - 30% - 14:23
3 - 21% - 20% - 8:57
4 - 5% - 10% - 2:10
PP Forward
1 - 53% - 60% - 2:37
2 - 47% - 40% - 2:20
PP Defense
1 - 58% - 60% - 2:53
2 - 42% - 40% - 2:04
PK Forward
1 - 72% - 60% - 5:59
2 - 28% - 40% - 2:17
PK Defense
1 - 64% - 60% - 5:19
2 - 36% - 40% - 2:57
PK3 Forward
1 - 100% - 60% - 1:56
2 - 0% - 40% - 0:00
PK3 Defense
1 - 62% - 60% - 1:12
2 - 38% - 40% - 0:44
44 Forward
1 - 90% - 60% - 1:23
2 - 10% - 40% - 0:09
44 Defense
1 - 47% - 60% - 0:43
2 - 53% - 40% - 0:49
Last Minute Offensive - 0:00
Last Minute Defensive - 0:00
Total
Forward - 60:00
Defense - 60:00
|
Play-by-Play
1st period
0:01 of 1st period - Patrick Sharp wins face-off versus David Legwand in neutral zone.
0:26 of 1st period - Ryan Getzlaf is hit by Jay Bouwmeester.
0:30 of 1st period - Slapshot by Brent Burns.
0:30 of 1st period - Stopped by Jonathan Quick with a rebound.
1:45 of 1st period - Off-side.
1:46 of 1st period - Maxim Talbot wins face-off versus Roman Josi in neutral zone.
1:53 of 1st period - Snap shot by Maxim Talbot.
1:53 of 1st period - Stopped by Tuukka Rask without a rebound.
1:54 of 1st period - Patrick Sharp wins face-off versus Tim Connolly in Capitals zone.
2:25 of 1st period - Snap shot by Vladimir Tarasenko.
2:25 of 1st period - Shot Misses the Net.
2:27 of 1st period - Slapshot by David Legwand.
2:27 of 1st period - Stopped by Tuukka Rask with a rebound.
2:29 of 1st period - Slapshot by Dustin Byfuglien.
2:29 of 1st period - Shot Blocked by Jeff Skinner.
2:31 of 1st period - Slapshot by Evander Kane.
2:31 of 1st period - Stopped by Tuukka Rask without a rebound.
2:32 of 1st period - Maxim Talbot wins face-off versus Ryan Getzlaf in Capitals zone.
2:43 of 1st period - Snap shot by Mikko Koivu.
2:43 of 1st period - Shot Misses the Net.
2:45 of 1st period - Slapshot by Torey Krug.
2:45 of 1st period - Stopped by Jonathan Quick with a rebound.
2:47 of 1st period - Snap shot by Torey Krug.
2:47 of 1st period - Shot Misses the Net.
3:49 of 1st period - Wrist shot by Mike Fisher.
3:49 of 1st period - Shot Misses the Net.
4:09 of 1st period - Wrist shot by Jeff Skinner.
4:09 of 1st period - Deflect By Ondrej Palat.
4:09 of 1st period - Stopped by Jonathan Quick without a rebound.
4:10 of 1st period - Patrick Sharp wins face-off versus Maxim Talbot in Nordiques zone.
4:37 of 1st period - Ryan Suter is hit by David Legwand and loses puck.
5:18 of 1st period - Snap shot by Patrick Sharp.
5:18 of 1st period - Shot Blocked by T.J. Fast.
6:44 of 1st period - Minor Penalty to Fedor Tyutin for Tripping.
6:45 of 1st period - David Legwand wins face-off versus Joe Pavelski in Nordiques zone.
6:51 of 1st period - Icing by Joe Pavelski.
6:52 of 1st period - David Legwand wins face-off versus Joe Thornton in Capitals zone.
7:03 of 1st period - Wrist shot by David Legwand.
7:03 of 1st period - Shot Misses the Net.
7:11 of 1st period - Minor Penalty to Joe Thornton for Hooking.
7:12 of 1st period - Jeff Skinner wins face-off versus Vladimir Tarasenko in Capitals zone.
7:17 of 1st period - Slapshot by Brent Burns.
7:17 of 1st period - Stopped by Jonathan Quick with a rebound.
7:20 of 1st period - Icing by Vladimir Tarasenko.
7:21 of 1st period - Vladimir Tarasenko wins face-off versus Jeff Skinner in Nordiques zone.
7:40 of 1st period - Wrist shot by Vladimir Tarasenko.
7:40 of 1st period - Shot Misses the Net.
7:54 of 1st period - Wrist shot by Evander Kane.
7:54 of 1st period - Deflect By Vladimir Tarasenko.
7:54 of 1st period - Stopped by Tuukka Rask without a rebound.
7:55 of 1st period - Vladimir Tarasenko wins face-off versus Joe Pavelski in Capitals zone.
8:32 of 1st period - Wrist shot by Tim Connolly.
8:32 of 1st period - Stopped by Tuukka Rask with a rebound.
8:44 of 1st period - Penalty to Fedor Tyutin is over, Fedor Tyutin is back on ice.
9:11 of 1st period - Penalty to Joe Thornton is over, Joe Thornton is back on ice.
10:15 of 1st period - T.J. Oshie is hit by Evander Kane.
11:05 of 1st period - Wrist shot by Adam Pineault.
11:05 of 1st period - Shot Hit the Post.
11:27 of 1st period - Minor Penalty to Brian McGrattan for Hooking.
11:28 of 1st period - David Legwand wins face-off versus Joe Thornton in Capitals zone.
13:02 of 1st period - Vladimir Tarasenko is hit by Patrick Sharp and loses puck.
13:27 of 1st period - Penalty to Brian McGrattan is over, Brian McGrattan is back on ice.
13:41 of 1st period - Wrist shot by Thomas Vanek.
13:41 of 1st period - Shot Blocked by Trevor Daley.
13:51 of 1st period - Icing by Patrick Sharp.
13:52 of 1st period - Mike Fisher wins face-off versus Thomas Vanek in Capitals zone.
14:03 of 1st period - Snap shot by Cody McLeod.
14:03 of 1st period - Stopped by Tuukka Rask without a rebound.
14:04 of 1st period - Jeff Skinner wins face-off versus David Legwand in Capitals zone.
14:09 of 1st period - Slapshot by PK Subban.
14:09 of 1st period - Stopped by Jonathan Quick with a rebound.
14:21 of 1st period - Snap shot by Mikko Koivu.
14:21 of 1st period - Stopped by Jonathan Quick without a rebound.
14:22 of 1st period - Tim Connolly wins face-off versus Roman Josi in Nordiques zone.
14:34 of 1st period - PK Subban is hit by Dustin Byfuglien and loses puck.
14:55 of 1st period - Backhand shot by Vladimir Tarasenko.
14:55 of 1st period - Stopped by Tuukka Rask with a rebound.
15:17 of 1st period - Snap shot by Mike Brown.
15:17 of 1st period - Stopped by Tuukka Rask with a rebound.
15:50 of 1st period - Icing by Trevor Daley.
15:51 of 1st period - Patrick Sharp wins face-off versus Mike Fisher in Nordiques zone.
16:37 of 1st period - Trevor Daley is hit by Roman Josi and loses puck.
17:15 of 1st period - Thomas Vanek is hit by Evander Kane and loses puck.
17:26 of 1st period - Snap shot by Evander Kane.
17:26 of 1st period - Stopped by Tuukka Rask with a rebound.
17:32 of 1st period - Snap shot by Evander Kane.
17:32 of 1st period - Shot Misses the Net.
17:34 of 1st period - Snap shot by David Legwand.
17:34 of 1st period - Stopped by Tuukka Rask with a rebound.
18:24 of 1st period - PK Subban is hit by Evander Kane and loses puck.
Goals for this period are 0 for Nordiques vs 0 for Capitals.
Shots for this period are 10 for Nordiques vs 6 for Capitals.
2nd period
0:01 of 2nd period - Brian McGrattan wins face-off versus Tim Connolly in neutral zone.
0:22 of 2nd period - Minor Penalty to R.J. Umberger for Goalie Interference.
0:23 of 2nd period - David Legwand wins face-off versus Joe Thornton in Nordiques zone.
1:03 of 2nd period - Snap shot by Brent Burns.
1:03 of 2nd period - Stopped by Jonathan Quick without a rebound.
1:04 of 2nd period - David Legwand wins face-off versus Thomas Vanek in Nordiques zone.
1:21 of 2nd period - David Legwand is hit by Dan Hamhuis and loses puck.
1:34 of 2nd period - Snap shot by Brian McGrattan.
1:34 of 2nd period - Goal by Brian McGrattan - Nordiques : 0 - Capitals : 1.
1:35 of 2nd period - Tim Connolly wins face-off versus Ryan Getzlaf in neutral zone.
1:49 of 2nd period - Slapshot by Ryan Getzlaf.
1:49 of 2nd period - Stopped by Jonathan Quick with a rebound.
2:05 of 2nd period - Snap shot by Thomas Vanek.
2:05 of 2nd period - Deflect By Patrick Sharp.
2:05 of 2nd period - Stopped by Jonathan Quick with a rebound.
2:07 of 2nd period - Slapshot by PK Subban.
2:07 of 2nd period - Deflect By Patrick Sharp.
2:07 of 2nd period - Stopped by Jonathan Quick with a rebound.
2:09 of 2nd period - Snap shot by Patrick Sharp.
2:09 of 2nd period - Stopped by Jonathan Quick without a rebound.
2:10 of 2nd period - Ryan Getzlaf wins face-off versus David Legwand in Nordiques zone.
2:15 of 2nd period - Wrist shot by Mikko Koivu.
2:15 of 2nd period - Shot Misses the Net.
3:08 of 2nd period - Wrist shot by Mike Brown.
3:08 of 2nd period - Shot Blocked by Mikko Koivu.
3:10 of 2nd period - Wrist shot by Jay Bouwmeester.
3:10 of 2nd period - Shot Misses the Net.
3:12 of 2nd period - Slapshot by Mike Brown.
3:12 of 2nd period - Goal by Mike Brown - Nordiques : 1 - Capitals : 1.
3:13 of 2nd period - David Legwand wins face-off versus Ryan Getzlaf in neutral zone.
3:16 of 2nd period - Snap shot by Vladimir Tarasenko.
3:16 of 2nd period - Deflect By David Legwand.
3:16 of 2nd period - Stopped by Tuukka Rask with a rebound.
3:38 of 2nd period - Jiri Hudler is hit by Dan Hamhuis and loses puck.
3:43 of 2nd period - Slapshot by Brent Burns.
3:43 of 2nd period - Stopped by Jonathan Quick with a rebound.
3:45 of 2nd period - Snap shot by Thomas Vanek.
3:45 of 2nd period - Deflect By Tim Connolly.
3:45 of 2nd period - Shot Misses the Net.
3:45 of 2nd period - Puck is out of play.
3:46 of 2nd period - Ryan Getzlaf wins face-off versus Tim Connolly in Nordiques zone.
3:47 of 2nd period - Wrist shot by Mikko Koivu.
3:47 of 2nd period - Stopped by Jonathan Quick with a rebound.
3:49 of 2nd period - Wrist shot by Ryan Getzlaf.
3:49 of 2nd period - Stopped by Jonathan Quick without a rebound.
3:50 of 2nd period - Ryan Getzlaf wins face-off versus Tim Connolly in Nordiques zone.
4:06 of 2nd period - Snap shot by Ryan Getzlaf.
4:06 of 2nd period - Shot Misses the Net.
4:19 of 2nd period - Off-side.
4:20 of 2nd period - Roman Josi wins face-off versus David Legwand in neutral zone.
4:23 of 2nd period - David Legwand is hit by Dan Hamhuis and loses puck.
4:46 of 2nd period - Jay Bouwmeester is hit by Torey Krug and loses puck.
5:16 of 2nd period - Minor Penalty to Patrick Sharp for Delaying the game.
5:17 of 2nd period - David Legwand wins face-off versus Joe Thornton in Capitals zone.
5:29 of 2nd period - Slapshot by Joe Pavelski.
5:29 of 2nd period - Stopped by Jonathan Quick with a rebound.
5:31 of 2nd period - Wrist shot by Joe Pavelski.
5:31 of 2nd period - Shot Blocked by Evander Kane.
5:33 of 2nd period - Wrist shot by Joe Thornton.
5:33 of 2nd period - Stopped by Jonathan Quick with a rebound.
5:49 of 2nd period - Joe Pavelski is hit by R.J. Umberger and loses puck.
7:16 of 2nd period - Penalty to Patrick Sharp is over, Patrick Sharp is back on ice.
7:33 of 2nd period - Slapshot by Ryan Getzlaf.
7:33 of 2nd period - Shot Misses the Net.
7:35 of 2nd period - Slapshot by PK Subban.
7:35 of 2nd period - Stopped by Jonathan Quick without a rebound.
7:36 of 2nd period - Maxim Talbot wins face-off versus Roman Josi in Nordiques zone.
7:45 of 2nd period - Ryan Suter is hit by Zac Rinaldo and loses puck.
8:11 of 2nd period - Snap shot by Ryan Getzlaf.
8:11 of 2nd period - Shot Misses the Net.
9:17 of 2nd period - Snap shot by Adam Pineault.
9:17 of 2nd period - Shot Blocked by Patrick Sharp.
9:19 of 2nd period - Wrist shot by Adam Pineault.
9:19 of 2nd period - Stopped by Tuukka Rask without a rebound.
9:20 of 2nd period - Mike Fisher wins face-off versus Patrick Sharp in Capitals zone.
9:31 of 2nd period - Snap shot by Adam Pineault.
9:31 of 2nd period - Stopped by Tuukka Rask with a rebound.
9:33 of 2nd period - Slapshot by Fedor Tyutin.
9:33 of 2nd period - Shot Misses the Net.
9:35 of 2nd period - Snap shot by Mike Fisher.
9:35 of 2nd period - Stopped by Tuukka Rask with a rebound.
9:37 of 2nd period - Slapshot by Mike Fisher.
9:37 of 2nd period - Shot Misses the Net.
9:39 of 2nd period - Slapshot by Trevor Daley.
9:39 of 2nd period - Shot Blocked by Dan Hamhuis.
10:02 of 2nd period - Off-side.
10:03 of 2nd period - Ryan Getzlaf wins face-off versus David Legwand in neutral zone.
10:06 of 2nd period - Vladimir Tarasenko is hit by Ryan Getzlaf and loses puck.
10:18 of 2nd period - Slapshot by PK Subban.
10:18 of 2nd period - Shot Misses the Net.
10:28 of 2nd period - PK Subban is hit by Tim Connolly and loses puck.
10:57 of 2nd period - David Legwand is hit by Patrick Sharp and loses puck.
11:23 of 2nd period - Icing by Maxim Talbot.
11:24 of 2nd period - Mike Fisher wins face-off versus Roman Josi in Nordiques zone.
12:15 of 2nd period - Minor Penalty to Brian McGrattan for Holding.
12:16 of 2nd period - Joe Thornton wins face-off versus David Legwand in Capitals zone.
12:26 of 2nd period - Joe Pavelski is hit by Evander Kane and loses puck.
12:57 of 2nd period - Slapshot by PK Subban.
12:57 of 2nd period - Stopped by Jonathan Quick without a rebound.
12:58 of 2nd period - David Legwand wins face-off versus Joe Thornton in Nordiques zone.
12:58 of 2nd period - David Legwand is hit by Joe Pavelski.
13:35 of 2nd period - PK Subban is hit by Jiri Hudler and loses puck.
14:15 of 2nd period - Penalty to Brian McGrattan is over, Brian McGrattan is back on ice.
14:19 of 2nd period - Minor Penalty to Mike Brown for Interference.
14:20 of 2nd period - David Legwand wins face-off versus Ryan Getzlaf in Nordiques zone.
14:25 of 2nd period - Wrist shot by Brian McGrattan.
14:25 of 2nd period - Goal by Brian McGrattan - Nordiques : 1 - Capitals : 2.
14:26 of 2nd period - Patrick Sharp wins face-off versus David Legwand in neutral zone.
15:14 of 2nd period - Wrist shot by Cody McLeod.
15:14 of 2nd period - Shot Misses the Net.
15:16 of 2nd period - Snap shot by Mike Fisher.
15:16 of 2nd period - Deflect By Adam Pineault.
15:16 of 2nd period - Stopped by Tuukka Rask without a rebound.
15:17 of 2nd period - Mike Fisher wins face-off versus Patrick Sharp in Capitals zone.
15:33 of 2nd period - Minor Penalty to Adam Pineault for Roughing.
15:34 of 2nd period - Joe Thornton wins face-off versus David Legwand in Nordiques zone.
15:44 of 2nd period - Slapshot by Brent Burns.
15:44 of 2nd period - Shot Misses the Net.
15:46 of 2nd period - Wrist shot by Joe Thornton.
15:46 of 2nd period - Stopped by Jonathan Quick with a rebound.
16:24 of 2nd period - Snap shot by Maxim Talbot.
16:24 of 2nd period - Stopped by Tuukka Rask without a rebound.
16:25 of 2nd period - Joe Thornton wins face-off versus Maxim Talbot in Capitals zone.
16:32 of 2nd period - Slapshot by Thomas Vanek.
16:32 of 2nd period - Shot Blocked by R.J. Umberger.
17:33 of 2nd period - Penalty to Adam Pineault is over, Adam Pineault is back on ice.
17:34 of 2nd period - Adam Pineault is hit by Brent Burns and loses puck.
18:09 of 2nd period - Wrist shot by Ondrej Palat.
18:09 of 2nd period - Stopped by Jonathan Quick without a rebound.
18:10 of 2nd period - Maxim Talbot wins face-off versus Jeff Skinner in Nordiques zone.
18:29 of 2nd period - Slapshot by Dan Hamhuis.
18:29 of 2nd period - Shot Misses the Net.
18:31 of 2nd period - Snap shot by Jeff Skinner.
18:31 of 2nd period - Shot Misses the Net.
18:33 of 2nd period - Wrist shot by Mikko Koivu.
18:33 of 2nd period - Stopped by Jonathan Quick with a rebound.
18:41 of 2nd period - Slapshot by T.J. Fast.
18:41 of 2nd period - Shot Blocked by Brent Burns.
19:16 of 2nd period - Snap shot by Patrick Sharp.
19:16 of 2nd period - Stopped by Jonathan Quick without a rebound.
19:17 of 2nd period - Tim Connolly wins face-off versus Roman Josi in Nordiques zone.
19:42 of 2nd period - Mikko Koivu is hit by Jay Bouwmeester and loses puck.
19:59 of 2nd period - Snap shot by Joe Pavelski.
19:59 of 2nd period - Shot Misses the Net.
Goals for this period are 1 for Nordiques vs 2 for Capitals.
Shots for this period are 7 for Nordiques vs 18 for Capitals.
3rd period
0:01 of 3rd period - Patrick Sharp wins face-off versus Evander Kane in neutral zone.
0:16 of 3rd period - Wrist shot by Joe Pavelski.
0:16 of 3rd period - Stopped by Jonathan Quick with a rebound.
1:18 of 3rd period - Trevor Daley is hit by Dan Hamhuis.
1:33 of 3rd period - Dustin Byfuglien is hit by Mikko Koivu and loses puck.
3:27 of 3rd period - Mike Brown is hit by Mikko Koivu and loses puck.
3:40 of 3rd period - Slapshot by Ryan Ellis.
3:40 of 3rd period - Shot Blocked by Ryan Suter.
4:15 of 3rd period - Snap shot by Adam Pineault.
4:15 of 3rd period - Stopped by Tuukka Rask with a rebound.
4:17 of 3rd period - Snap shot by Mike Fisher.
4:17 of 3rd period - Stopped by Tuukka Rask without a rebound.
4:18 of 3rd period - Ryan Getzlaf wins face-off versus Mike Fisher in Capitals zone.
4:18 of 3rd period - Ryan Getzlaf is hit by Adam Pineault.
4:26 of 3rd period - Wrist shot by Ryan Getzlaf.
4:26 of 3rd period - Shot Misses the Net.
4:28 of 3rd period - Slapshot by PK Subban.
4:28 of 3rd period - Stopped by Jonathan Quick without a rebound.
4:29 of 3rd period - Patrick Sharp wins face-off versus David Legwand in Nordiques zone.
5:25 of 3rd period - Icing by Peter Worrell.
5:26 of 3rd period - David Legwand wins face-off versus Roman Josi in Capitals zone.
5:33 of 3rd period - Snap shot by Evander Kane.
5:33 of 3rd period - Stopped by Tuukka Rask with a rebound.
5:35 of 3rd period - Slapshot by Jay Bouwmeester.
5:35 of 3rd period - Shot Blocked by PK Subban.
5:37 of 3rd period - Wrist shot by Evander Kane.
5:37 of 3rd period - Shot Blocked by Brent Burns.
5:41 of 3rd period - Wrist shot by Vladimir Tarasenko.
5:41 of 3rd period - Stopped by Tuukka Rask without a rebound.
5:42 of 3rd period - Tim Connolly wins face-off versus Patrick Sharp in Capitals zone.
5:49 of 3rd period - Snap shot by Tim Connolly.
5:49 of 3rd period - Shot Misses the Net.
5:51 of 3rd period - Wrist shot by Jiri Hudler.
5:51 of 3rd period - Shot Misses the Net.
6:26 of 3rd period - Minor Penalty to Brian McGrattan for Slashing.
6:27 of 3rd period - David Legwand wins face-off versus Joe Thornton in Capitals zone.
6:34 of 3rd period - Slapshot by Evander Kane.
6:34 of 3rd period - Stopped by Tuukka Rask without a rebound.
6:35 of 3rd period - David Legwand wins face-off versus Joe Thornton in Capitals zone.
6:52 of 3rd period - Slapshot by Ryan Ellis.
6:52 of 3rd period - Deflect By PK Subban.
6:52 of 3rd period - Goal by Ryan Ellis - Nordiques : 2 - Capitals : 2.
6:53 of 3rd period - David Legwand wins face-off versus Patrick Sharp in neutral zone.
7:04 of 3rd period - Slapshot by Evander Kane.
7:04 of 3rd period - Stopped by Tuukka Rask with a rebound.
7:06 of 3rd period - Slapshot by Vladimir Tarasenko.
7:06 of 3rd period - Shot Blocked by PK Subban.
7:08 of 3rd period - Snap shot by Evander Kane.
7:08 of 3rd period - Stopped by Tuukka Rask with a rebound.
7:10 of 3rd period - Wrist shot by Evander Kane.
7:10 of 3rd period - Shot Misses the Net.
7:27 of 3rd period - PK Subban is hit by Trevor Daley.
7:32 of 3rd period - Minor Penalty to R.J. Umberger for Holding.
7:33 of 3rd period - Joe Thornton wins face-off versus David Legwand in Nordiques zone.
7:35 of 3rd period - Slapshot by Joe Pavelski.
7:35 of 3rd period - Shot Hit the Post.
7:37 of 3rd period - Slapshot by Joe Thornton.
7:37 of 3rd period - Stopped by Jonathan Quick without a rebound.
7:38 of 3rd period - Joe Thornton wins face-off versus David Legwand in Nordiques zone.
8:01 of 3rd period - Slapshot by Brent Burns.
8:01 of 3rd period - Shot Blocked by Ryan Ellis.
8:03 of 3rd period - Slapshot by Brent Burns.
8:03 of 3rd period - Deflect By Thomas Vanek.
8:03 of 3rd period - Shot Misses the Net.
8:03 of 3rd period - Puck is out of play.
8:04 of 3rd period - Ryan Getzlaf wins face-off versus David Legwand in Nordiques zone.
8:26 of 3rd period - Icing by Ryan Getzlaf.
8:27 of 3rd period - Maxim Talbot wins face-off versus Ryan Getzlaf in Capitals zone.
8:43 of 3rd period - Wrist shot by Brian McGrattan.
8:43 of 3rd period - Shot Blocked by Ryan Ellis.
8:45 of 3rd period - Slapshot by Dan Hamhuis.
8:45 of 3rd period - Goal by Dan Hamhuis - Nordiques : 2 - Capitals : 3.
8:46 of 3rd period - Patrick Sharp wins face-off versus David Legwand in neutral zone.
9:15 of 3rd period - Brent Burns is hit by Ryan Ellis and loses puck.
9:20 of 3rd period - Snap shot by Tim Connolly.
9:20 of 3rd period - Shot Blocked by Brian McGrattan.
9:34 of 3rd period - Wrist shot by Mike Brown.
9:34 of 3rd period - Shot Blocked by Brent Burns.
10:21 of 3rd period - Trevor Daley is hit by Thomas Vanek and loses puck.
10:49 of 3rd period - Slapshot by Vladimir Tarasenko.
10:49 of 3rd period - Shot Misses the Net.
10:57 of 3rd period - Wrist shot by Evander Kane.
10:57 of 3rd period - Deflect By David Legwand.
10:57 of 3rd period - Deflect By Brian McGrattan.
10:57 of 3rd period - Stopped by Tuukka Rask with a rebound.
11:03 of 3rd period - Snap shot by Vladimir Tarasenko.
11:03 of 3rd period - Shot Misses the Net.
11:05 of 3rd period - Slapshot by Trevor Daley.
11:05 of 3rd period - Shot Blocked by Ryan Suter.
11:07 of 3rd period - Wrist shot by Vladimir Tarasenko.
11:07 of 3rd period - Stopped by Tuukka Rask with a rebound.
11:09 of 3rd period - Slapshot by Trevor Daley.
11:09 of 3rd period - Stopped by Tuukka Rask without a rebound.
11:10 of 3rd period - Patrick Sharp wins face-off versus Jiri Hudler in Capitals zone.
11:47 of 3rd period - Wrist shot by Mike Brown.
11:47 of 3rd period - Stopped by Tuukka Rask without a rebound.
11:48 of 3rd period - Ryan Getzlaf wins face-off versus Tim Connolly in Capitals zone.
13:12 of 3rd period - Slapshot by Joe Pavelski.
13:12 of 3rd period - Stopped by Jonathan Quick with a rebound.
13:22 of 3rd period - Snap shot by Tim Connolly.
13:22 of 3rd period - Goal by Tim Connolly - Nordiques : 3 - Capitals : 3.
13:23 of 3rd period - David Legwand wins face-off versus Patrick Sharp in neutral zone.
13:29 of 3rd period - Minor Penalty to Dan Hamhuis for Holding.
13:30 of 3rd period - David Legwand wins face-off versus Joe Thornton in Capitals zone.
13:32 of 3rd period - Minor Penalty to Joe Thornton for Hooking.
13:33 of 3rd period - David Legwand wins face-off versus T.J. Oshie in Capitals zone.
13:42 of 3rd period - Icing by Vladimir Tarasenko.
13:43 of 3rd period - David Legwand wins face-off versus T.J. Oshie in Nordiques zone.
13:57 of 3rd period - Slapshot by Ryan Ellis.
13:57 of 3rd period - Shot Blocked by Brent Burns.
13:59 of 3rd period - Snap shot by David Legwand.
13:59 of 3rd period - Shot Misses the Net.
14:31 of 3rd period - Backhand shot by Evander Kane.
14:31 of 3rd period - Shot Misses the Net.
14:33 of 3rd period - Wrist shot by Vladimir Tarasenko.
14:33 of 3rd period - Shot Misses the Net.
14:35 of 3rd period - Slapshot by Ryan Ellis.
14:35 of 3rd period - Deflect By Vladimir Tarasenko.
14:35 of 3rd period - Stopped by Tuukka Rask with a rebound.
14:48 of 3rd period - Icing by Jay Bouwmeester.
14:49 of 3rd period - Mikko Koivu wins face-off versus David Legwand in Nordiques zone.
15:09 of 3rd period - Slapshot by Evander Kane.
15:09 of 3rd period - Stopped by Tuukka Rask without a rebound.
15:10 of 3rd period - Tim Connolly wins face-off versus Mikko Koivu in Capitals zone.
15:29 of 3rd period - Penalty to Dan Hamhuis is over, Dan Hamhuis is back on ice.
15:32 of 3rd period - Penalty to Joe Thornton is over, Joe Thornton is back on ice.
15:48 of 3rd period - Snap shot by Cody McLeod.
15:48 of 3rd period - Goal by Cody McLeod - Nordiques : 4 - Capitals : 3.
15:49 of 3rd period - Maxim Talbot wins face-off versus Jeff Skinner in neutral zone.
16:05 of 3rd period - Slapshot by Jeff Skinner.
16:05 of 3rd period - Shot Misses the Net.
16:25 of 3rd period - Slapshot by R.J. Umberger.
16:25 of 3rd period - Shot Misses the Net.
16:39 of 3rd period - Slapshot by Ryan Ellis.
16:39 of 3rd period - Stopped by Tuukka Rask with a rebound.
16:41 of 3rd period - Wrist shot by Vladimir Tarasenko.
16:41 of 3rd period - Shot Blocked by Joe Pavelski.
16:43 of 3rd period - Slapshot by Ryan Ellis.
16:43 of 3rd period - Shot Blocked by Torey Krug.
16:49 of 3rd period - Wrist shot by Evander Kane.
16:49 of 3rd period - Deflect By David Legwand.
16:49 of 3rd period - Shot Misses the Net.
16:49 of 3rd period - Puck is out of play.
16:50 of 3rd period - Ondrej Palat wins face-off versus Maxim Talbot in Capitals zone.
17:08 of 3rd period - Off-side.
17:09 of 3rd period - Roman Josi wins face-off versus David Legwand in neutral zone.
18:02 of 3rd period - Snap shot by Thomas Vanek.
18:02 of 3rd period - Stopped by Jonathan Quick with a rebound.
18:04 of 3rd period - Slapshot by Jeff Skinner.
18:04 of 3rd period - Shot Blocked by Tim Connolly.
18:06 of 3rd period - Slapshot by Thomas Vanek.
18:06 of 3rd period - Shot Misses the Net.
18:16 of 3rd period - Vladimir Tarasenko is hit by Peter Worrell and loses puck.
18:36 of 3rd period - Off-side.
18:37 of 3rd period - Tim Connolly wins face-off versus Ryan Getzlaf in neutral zone.
18:39 of 3rd period - Double Minor Penalty to Brian McGrattan for Slashing.
18:40 of 3rd period - David Legwand wins face-off versus Joe Thornton in Capitals zone.
18:51 of 3rd period - Snap shot by Vladimir Tarasenko.
18:51 of 3rd period - Deflect By David Legwand.
18:51 of 3rd period - Shot Misses the Net.
18:51 of 3rd period - Puck is out of play.
18:52 of 3rd period - Jon Cooper call a timeout for Capitals.
18:52 of 3rd period - Joe Thornton wins face-off versus Vladimir Tarasenko in Capitals zone.
19:34 of 3rd period - Slapshot by Evander Kane.
19:34 of 3rd period - Stopped by Tuukka Rask without a rebound.
19:35 of 3rd period - Tim Connolly wins face-off versus Joe Thornton in Capitals zone.
Goals for this period are 3 for Nordiques vs 1 for Capitals.
Shots for this period are 18 for Nordiques vs 6 for Capitals.
Back to the Top